 Dungeon Crawl Stone Soup version 0.29.1-13-g9f3cf754e1 (webtiles) character file.

Game seed: 2648986415755773609

442881 DildoBatman the Metallomancer (level 25, 0/188 HPs)
             Began as a Formicid Conjurer on Jan 23, 2023.
             Was an Initiate of Gozag.
             Slain by a Hell Sentinel (2 damage)
             ... summoned by a dread lich
             ... on level 5 of the Vaults on Jan 24, 2023.
             The game lasted 03:22:24 (51590 turns).

DildoBatman the Metallomancer (Formicid Conjurer)  Turns: 51590, Time: 03:22:25

Health: 0/188      AC: 26    Str: 14    XL:     25   Next: 32%
Magic:  48/48      EV: 21    Int: 35    God:    Gozag
Gold:   8930       SH: 22    Dex: 21    Spells: 12/48 levels left

rFire   + . .      SeeInvis +   a - +11 halberd "Jeaz Iza" {elec, *Rage rElec Int+2 Dex+5}
rCold   + . .      Faith    .   W - +0 tower shield
rNeg    + + +      Spirit   .   o - +4 troll leather armour
rPois   ∞          Reflect  .   (helmet unavailable)
rElec   +          Harm     .   V - +2 cloak {rF+}
rCorr   .          Rampage  .   w - +0 pair of gloves {Str+3}
Will    +++..                   O - +1 pair of boots of Quebro {MP+9}
Stlth   ++........              m - amulet of magic regeneration
HPRegen 1.21/turn               U - +4 ring of evasion
MPRegen 0.71/turn               T - +6 ring of intelligence

@: brilliant, lich-form, gold aura, studying 6 skills
A: draining attack, torment immunity, no potions, permanent stasis, dig shafts
and tunnels, antennae 3, four strong arms, iridescent scales 1, agile 1, dopey 1
}: 2/15 runes: barnacled, gossamer
a: Dig, Shaft Self, End Transformation, Renounce Religion, Potion Petition, Call
Merchant, Bribe Branch


You were on level 5 of the Vaults.
You worshipped Gozag.
Gozag was greatly pleased with you.
You were an undead lich.
You visited 10 branches of the dungeon, and saw 43 of its levels.
You visited the Abyss 1 time.
You visited 1 bazaar.
You also visited: Volcano.

You collected 17149 gold pieces.
You spent 6404 gold pieces at shops.
You paid 1815 gold pieces to Gozag.

Inventory:

Hand Weapons
 a - the +11 halberd "Jeaz Iza" (weapon) {elec, *Rage rElec Int+2 Dex+5}
   (You found it on level 3 of the Crypt)

   It occasionally discharges a powerful burst of electricity upon striking a
   foe.
   Int:       It affects your intelligence (+2).
   Dex:       It affects your dexterity (+5).
   rElec:     It insulates you from electricity.
   *Rage:     It berserks you when you make melee attacks (+20% chance).
 b - the +6 quarterstaff "Labaasua" {drain, rPois rN+ Will- Int+7}
   (You found it on level 2 of the Shoals)

   A truly terrible weapon, it drains the life of any living foe it strikes.
   Int:       It affects your intelligence (+7).
   rPois:     It protects you from poison.
   rN:        It protects you from negative energy.
   Will:      It decreases your willpower.
 c - the +9 arbalest of Intuition {flame, Will++ Dex-5}
   (You found it on level 4 of the Shoals)

   Any ammunition fired from it burns those it strikes, dealing additional fire
   damage.
   Dex:       It affects your dexterity (-5).
   Will:      It greatly increases your willpower.
 d - the +2 long sword "Grim" {speed, rPois rC+}
   (You found it on level 3 of the Elven Halls)

   Attacks with this weapon are significantly faster.
   rC:        It protects you from cold.
   rPois:     It protects you from poison.
Missiles
 p - 5 javelins
 D - 7 throwing nets
 Z - 3 silver javelins
Armour
 o - a +4 troll leather armour (worn)
 w - a +0 pair of gloves of strength (worn)
 O - the +1 pair of boots of Quebro (worn) {MP+9}
   (You found it on level 14 of the Dungeon)

   MP:        It affects your magic capacity (+9).
 V - a +2 cloak of fire resistance (worn)
 W - a +0 tower shield (worn)
Jewellery
 f - a ring of protection from fire
 k - a ring of flight
 m - an amulet of magic regeneration (around neck)
 L - a ring of resist corrosion
 N - the ring of Due Proportion {rF++ rN+}
   (You found it on level 3 of the Crypt)

   [ring of positive energy]

   rF:        It greatly protects you from fire.
   rN:        It protects you from negative energy.
 P - the ring "Ecotisch" {+Blink rElec rF++ rN+ Dex-3}
   (You found it on level 3 of the Crypt)

   [ring of positive energy]

   Dex:       It affects your dexterity (-3).
   rF:        It greatly protects you from fire.
   rElec:     It insulates you from electricity.
   rN:        It protects you from negative energy.
   +Blink:    It lets you blink.
 T - a +6 ring of intelligence (right hand)
 U - a +4 ring of evasion (left hand)
Wands
 n - a wand of light (15)
 G - a wand of iceblast (14)
 K - a wand of digging (3)
Scrolls
 g - 2 scrolls of acquirement
 h - 5 scrolls of poison
 j - 3 scrolls of torment
 q - 10 scrolls of butterflies
 x - 11 scrolls of amnesia
 y - a scroll of summoning
 z - 25 scrolls of identify
 A - 15 scrolls of immolation
 C - 3 scrolls of magic mapping
 I - 3 scrolls of enchant armour
Potions
 e - 10 potions of brilliance
 l - 4 potions of ambrosia
 r - 9 potions of cancellation
 s - 16 potions of might
 t - 7 potions of magic
 u - 23 potions of curing
 B - 8 potions of invisibility
 F - 2 potions of heal wounds
 M - a potion of mutation
 R - a potion of resistance
Miscellaneous
 E - a phial of floods
 H - a phantom mirror
 J - a lightning rod (4/4)
 X - a box of beasts


   Skills:
 - Level 13.1 Fighting
 - Level 13.0 Armour
 - Level 9.0 Dodging
 - Level 2.4 Stealth
 - Level 17.2 Shields
 - Level 12.0 Spellcasting
 - Level 6.0 Conjurations
 - Level 22.0 Necromancy
 * Level 21.3 Transmutations
 - Level 22.0 Earth Magic


You had 12 spell levels left.
You knew the following spells:

 Your Spells              Type           Power      Damage    Failure   Level
a - Borgnjor's Vile Clut  Necr/Erth      78%        N/A       1%          5
b - Iron Shot             Conj/Erth      54%        9d10      2%          6
c - Dispel Undead         Necr           100%       3d31      0%          4
d - Necromutation         Tmut/Necr      78%        N/A       4%          8
e - Vampiric Draining     Necr           100%       2d13      0%          3
f - Passwall              Tmut/Erth      100%       N/A       0%          2
g - Statue Form           Tmut/Erth      87%        N/A       1%          6
z - Sublimation of Blood  Necr           100%       N/A       0%          2

Your spell library contained the following spells:

 Spells                   Type           Power      Damage    Failure   Level
 Beastly Appendage        Tmut           100%       N/A       0%          1
 Necrotise                Necr           100%       1d9       0%          1
 Sandblast                Erth           100%       2d20      0%          1
 Wereblood                Tmut           100%       N/A       0%          2
 Petrify                  Tmut/Erth      100%       N/A       0%          4
 Foxfire                  Conj/Fire      100%       2x1d9     1%          1
 Magic Dart               Conj           100%       1d8       1%          1
 Sting                    Tmut/Pois      100%       1d8       1%          1
 Searing Ray              Conj           100%       2d8       1%          2
 Spider Form              Tmut/Pois      97%        N/A       1%          3
 Anguish                  Hex/Necr       60%        N/A       1%          4
 Animate Armour           Summ/Erth      100%       N/A       1%          4
 Agony                    Necr           100%       N/A       1%          5
 Blade Hands              Tmut           65%        N/A       1%          5
 Irradiate                Conj/Tmut      54%        3d29      1%          5
 Lee's Rapid Deconstruct  Erth           66%        3d31*     1%          5
 Death Channel            Necr           78%        N/A       1%          6
 Conjure Flame            Conj/Fire      58%        6-21      4%          3
 Dazzling Flash           Conj/Hex       100%       N/A       4%          3
 Borgnjor's Revivificati  Necr           78%        N/A       4%          8
 Infestation              Necr           78%        N/A       4%          8
 Apportation              Tloc           62%        N/A       5%          1
 Freeze                   Ice            100%       1d11      5%          1
 Summon Small Mammal      Summ           100%       N/A       5%          1
 Poisonous Vapours        Pois/Air       62%        N/A       8%          2
 Eringya's Noxious Bog    Tmut/Pois      48%        N/A       10%         6
 Call Canine Familiar     Summ           31%        N/A       16%         3
 Frozen Ramparts          Ice            62%        1d10      16%         3
 Gell's Gravitas          Tloc           31%        N/A       16%         3
 Inner Flame              Hex/Fire       31%        N/A       16%         3
 Lesser Beckoning         Tloc           31%        N/A       16%         3
 Summon Guardian Golem    Hex/Summ       31%        N/A       16%         3
 Teleport Other           Tloc           31%        N/A       16%         3
 Flame Wave               Conj/Fire      58%        2d14      16%         4
 Fulminant Prism          Conj/Hex       29%        3d14      16%         4
 Hailstorm                Conj/Ice       58%        3d13      16%         4
 Iskenderun's Mystic Bla  Conj/Tloc      58%        2d12      16%         4
 Fireball                 Conj/Fire      29%        3d13      38%         5
 Haunt                    Necr/Summ      60%        N/A       43%         7
 Olgreb's Toxic Radiance  Pois           31%        N/A       45%         4
 Passage of Golubria      Tloc           31%        N/A       45%         4
 Summon Ice Beast         Ice/Summ       31%        N/A       45%         4
 Summon Lightning Spire   Summ/Air       31%        N/A       45%         4
 Storm Form               Tmut/Air       48%        N/A       50%         7
 Death's Door             Necr           78%        N/A       54%         9
 Lehudib's Crystal Spear  Conj/Erth      54%        10d13     73%         8
 Manifold Assault         Tloc           31%        N/A       82%         5
 Silence                  Hex/Air        15%        N/A       82%         5
 Summon Forest            Summ/Tloc      15%        N/A       82%         5
 Summon Mana Viper        Hex/Summ       31%        N/A       82%         5
 Starburst                Conj/Fire      29%        6d9       93%         6
 Orb of Destruction       Conj           38%        9d11      98%         7
 Summon Cactus Giant      Summ           15%        N/A       100%        6
 Enfeeble                 Hex            15%        N/A       100%        7
 Malign Gateway           Summ/Tloc      15%        N/A       100%        7
 Monstrous Menagerie      Summ           15%        N/A       100%        7
 Spellforged Servitor     Conj/Summ      29%        N/A       100%        7
 Summon Hydra             Summ           15%        N/A       100%        7
 Ignition                 Fire           15%        3d6       100%        8
 Maxwell's Capacitive Co  Air            15%        ∞         100%        8
 Animate Dead             Necr           Unusable   N/A       N/A         4
 Corpse Rot               Necr/Pois/Air  Unusable   N/A       N/A         4
 Simulacrum               Ice/Necr       Unusable   N/A       N/A         6

Dungeon Overview and Level Annotations

Branches:
Dungeon (15/15)            Temple (1/1) D:4            Lair (5/5) D:10
 Shoals (4/4) Lair:2       Spider (4/4) Lair:3        Slime (0/5) Lair:4
    Orc (2/2) D:11            Elf (3/3) Orc:2        Vaults (5/5) D:14
  Crypt (3/3) Vaults:3       Tomb (1/3) Crypt:3      Depths (0/4) D:15
Volcano (visited)

Altars:
Ashenzari
Cheibriados
Dithmenos
Elyvilon
Fedhas
Gozag
Hepliaklqana
Kikubaaqudgha
Makhleb
Nemelex Xobeh
Okawaru
Qazlal
Ru
Sif Muna
Trog
Uskayaw
Vehumet
Wu Jian
Xom
Yredelemnul
Zin
The Shining One
Jiyva

Shops:
D:15 [   Orc:2 [[([   Elf:2 (   Elf:3 *   Shoals:3 (?(*   Shoals:4 :
Vaults:1 *   Vaults:2 (=*!(   Vaults:4 [[*


Innate Abilities, Weirdness & Mutations

You are an undead lich.
Your unarmed attacks are suffused with negative energy.
You are immune to unholy pain and torment.
Your necromantic spells are more powerful.
You cannot drink.
You are immune to poison.
You cannot be hasted, slowed, berserked, paralysed or teleported.
You can dig through walls and to a lower floor.
You have a pair of large antennae on your head. (SInv)
Your four strong arms can wield two-handed weapons with a shield.
You are partially covered in iridescent scales. (AC +2)
You are agile. (Dex +4, Str/Int -1)
You are dopey. (Int -2)


Message History

The ghostly vault warden struggles to escape constriction.
You block the freezing wraith's attack. The freezing wraith closely misses you.
The vault warden struggles to escape constriction.
The titan hits you!!
The ettin struggles to escape constriction.
The titan hits you!
The deep elf death mage completely misses you.
You block the flayed ghost's attack.
The vault guard hits you but does no damage.
The Hell Sentinel barely misses you.
You block the Hell Sentinel's attack. [a] - 368 gold - heal wounds, magic and curing [b] - 594 gold - heal wounds, curing, resistance and might [c] - 319 gold - curing and magic Purchase which effect?
You feel better. Magic courses through your body.
The zombie hands constrict the ettin!!
The zombie hands constrict the vault warden.
The zombie hands constrict the ghostly vault warden!
The vault guard is no longer distracted by gold.
The dread lich casts a spell at you.
Your stasis prevents you from being paralysed.
The ironbound preserver gestures wildly while chanting.
The ironbound preserver begins to accept its allies' injuries.
You block the freezing wraith's attack. x2
The vault warden struggles to escape constriction.
The ghostly vault warden struggles to escape constriction.
The ettin struggles to escape constriction.
The titan hits you but does no damage. The titan hits you!
You block the deep elf death mage's attack.
The flayed ghost misses you. The vault guard misses you.
The titan is empowered by the deep elf high priest's aura!
The dread lich touches you but does no damage.
The Hell Sentinel hits you. x2
You die...
Your body crumbles into a pile of gold.

...# #....# ..
...##....#....
....#....#...
#........e..
#####p....D..####
.................
.......pC2p2.....
.......pWL1p...3.


.....ppCWLeD.e..Q #####..p.CC2.#### #......e..# $ #...#....##e# $ (.#.##....# .#
$ #.### #...c# .# $ ## #..p.# . #....# $ You could see a Hell Sentinel
(summoned, sheltered), a shadow dragon (sheltered), an ironbound preserver, 2
titans, a dread lich (fast, empowered, invisible), a storm dragon (sheltered), a
vault warden (empowered, sheltered, clutched), a ghostly vault warden
(empowered, clutched), a tengu reaver, 2 hell beasts, a lorocyproca (summoned,
invisible), 6 vault guards, a deep elf annihilator, a deep elf death mage
(empowered, sheltered), 2 ettins, a flayed ghost (sheltered), 2 deep elf
demonologists, a deep elf high priest (brilliance aura), a yaktaur, a freezing
wraith (sheltered) and a ynoxinul (summoned).

Vanquished Creatures
  2 dread liches
  5 royal mummies
  Bai Suzhen (Vaults:4)
  Saint Roka (Vaults:1)
  Arachne (Spider:2)
  Jory (Crypt:3)
  The ghost of SpeedRobin the Spawn of Chaos, an adept DDFi of Makhleb (Vaults:4)
  3 liches
  3 tentacled monstrosities (Vaults:4)
  A titan (Vaults:4)
  2 deep elf blademasters (Elf:3)
  5 sphinxes (Tomb:1)
  4 deep elf master archers (Elf:3)
  3 ancient champions
  A kraken (Shoals:2)
  Gastronok (Lair:2)
  Agnes (Spider:2)
  Kirke (D:14)
  Donald (Spider:4)
  7 revenants
  Roxanne (Shoals:1)
  2 frost giants (Vaults:4)
  11 vault wardens
  2 fire giants
  7 deep elf sorcerers
  5 ghost moths
  4 ghouls (Crypt:1)
  6 emperor scorpions
  Louise (D:14)
  A caustic shrike zombie (Crypt:3)
  The ghost of Zippel the Carver, a journeyman BaWn of Gozag (Elf:1)
  4 deep elf elementalists (Elf:3)
  10 ironbound preservers
  2 broodmothers
  A reaper (Crypt:2)
  3 curse skulls (Crypt:1)
  5 very ugly things
  A stone giant (Vaults:4)
  A quicksilver ooze (shapeshifter) (D:15)
  11 ironbound thunderhulks
  4 war gargoyles
  Azrael (D:14)
  4 vampire knights
  7 deep elf demonologists (Elf:3)
  9 deep elf annihilators
  4 entropy weavers
  15 dire elephants
  2 spark wasps
  A spectral titan (Crypt:3)
  Snorg (D:13)
  A crystal guardian (Vaults:4)
  A green death (Crypt:2)
  9 eidola (Crypt:3)
  3 jiangshi (Crypt:2)
  3 merfolk javelineers
  8 merfolk impalers
  10 deep elf death magi
  3 spectral quicksilver dragons (Crypt:3)
  3 ettins (Vaults:4)
  A spectral iron giant (Crypt:3)
  A spectral golden dragon (Crypt:3)
  8 deep elf high priests
  8 mummy priests
  27 vault guards
  5 yaktaur captains
  A fenstrider witch zombie (Crypt:2)
  3 spectral spriggans (Crypt:3)
  A fire dragon (Lair:5)
  2 jorogumos
  5 peacekeepers
  7 great orbs of eyes
  A spectral shadow dragon (Crypt:3)
  7 hydras
  10 boulder beetles
  2 death knights
  16 centaur warriors
  9 two-headed ogres
  An ogre mage (D:15)
  10 merfolk aquamancers
  2 merfolk avatars (Shoals:4)
  A spectral draconian (Crypt:3)
  A spriggan skeleton (Crypt:2)
  11 ironbound frosthearts
  2 radroaches (Spider:1)
  An alligator (shapeshifter) (Crypt:2)
  5 satyrs (Shoals:4)
  27 dancing weapons
  3 death yaks (Lair:5)
  An alligator snapping turtle (Shoals:2)
  2 vampire magi (Crypt:3)
  5 death scarabs (Tomb:1)
  5 spectral storm dragons (Crypt:3)
  Urug (Lair:1)
  2 soul eaters (Crypt:2)
  12 deep elf knights
  Sonja (D:10)
  3 orc high priests (Orc:2)
  6 shadow wraiths
  2 spectral dire elephants (Crypt:3)
  34 skeletal warriors
  7 pharaoh ants
  A sun moth (Spider:4)
  10 sea snakes
  A glowing orange brain (Vaults:3)
  11 orb spiders
  A spectral anaconda (Crypt:3)
  A spectral bunyip (Crypt:3)
  A goliath frog (Crypt:2)
  11 flayed ghosts (Crypt:3)
  2 bog bodies (Crypt:1)
  An iron giant zombie (Crypt:3)
  11 lindwurms
  6 steelbarb worms
  2 spectral hydras (Crypt:3)
  An anaconda skeleton (Crypt:3)
  8 wizards
  12 deep elf archers
  8 ironbound convokers
  18 deep trolls
  Pikel (D:9)
  A large abomination (Crypt:2)
  2 necromancers
  13 phantasmal warriors
  A shadow dragon skeleton (Crypt:2)
  24 deep elf pyromancers
  9 harpies
  An oklob plant (Lair:3)
  A spectral merfolk (Crypt:3)
  20 ugly things
  14 manticores
  3 orc sorcerers (Orc:2)
  2 moths of wrath (Spider:4)
  29 fauns
  25 deep elf zephyrmancers
  15 wolf spiders
  A spectral ice dragon (Crypt:3)
  A frost giant zombie (Crypt:1)
  4 orc knights (Orc:2)
  4 salamanders (Volcano)
  A spectral centaur (Crypt:3)
  2 stone giant skeletons (Vaults:3)
  5 cyclopes
  A fire giant skeleton (Crypt:2)
  A sphinx skeleton (Vaults:3)
  2 worldbinders (Vaults:3)
  10 merfolk sirens
  Maurice (D:11)
  2 molten gargoyles (Lair:5)
  10 elephants (Lair:4)
  14 vault sentinels
  6 black mambas
  11 water nymphs
  3 gargoyles
  An elephant slug zombie (Crypt:3)
  9 torpor snails
  Maggie (D:9)
  A cane toad (shapeshifter) (Elf:1)
  7 cane toads
  A dire elephant skeleton (Crypt:3)
  A swamp worm zombie (Crypt:1)
  16 demonic crawlers
  3 unseen horrors
  3 rime drakes
  3 kobold demonologists
  5 komodo dragons
  13 freezing wraiths
  35 yaktaurs
  8 guardian mummies (Tomb:1)
  A spectral naga (Crypt:3)
  An ancient zyme (Abyss:2)
  A yaktaur skeleton (Vaults:3)
  An iron troll skeleton (Crypt:3)
  A queen bee (Spider:2)
  2 polar bears
  6 trolls
  9 meliai
  35 merfolk
  2 hydra skeletons (Crypt:3)
  28 tarantellas
  2 hornets
  22 blink frogs
  11 wind drakes
  19 dream sheep
  An iron dragon simulacrum (Crypt:3)
  An ettin zombie (Crypt:3)
  25 jumping spiders
  10 snapping turtles
  8 flying skulls (Tomb:1)
  A black mamba zombie (Crypt:1)
  24 slime creatures
  Sigmund (D:2)
  4 shadows
  2 ettin skeletons
  2 air elementals (Elf:2)
  7 wyverns
  2 ushabtiu (Tomb:1)
  32 culicivoras
  19 water elementals
  7 wraiths
  3 fire bats (Orc:2)
  21 yaks
  3 hogs (D:14)
  4 steam dragons
  7 fire elementals
  14 vampire mosquitoes
  11 basilisks
  A chaos spawn (Crypt:2)
  5 elf skeletons (Vaults:3)
  A harpy simulacrum (Crypt:2)
  63 redbacks
  A glowing orange brain zombie (Crypt:1)
  4 acid dragons
  7 water moccasins
  9 hell hounds
  A deep troll skeleton (Crypt:2)
  16 orc warriors
  A water nymph skeleton (Crypt:3)
  A sky beast (D:7)
  An ice beast (D:5)
  A swamp dragon zombie (Crypt:1)
  An ettin simulacrum (Crypt:3)
  An eye of devastation zombie (Crypt:3)
  23 wolves
  2 boggarts (Vaults:3)
  11 centaurs
  A lemure (D:9)
  3 human skeletons (Vaults:3)
  7 ogres
  A dream sheep skeleton (Crypt:1)
  3 phantoms
  5 kobold brigands
  3 bullfrogs
  5 necrophages
  2 small abominations
  Blork the orc (D:6)
  A vine stalker zombie (Crypt:3)
  An earth elemental (Elf:1)
  A salamander zombie (Crypt:3)
  A gnoll sergeant (D:9)
  4 scorpions
  5 wights (D:7)
  A wyvern skeleton (Crypt:3)
  A water moccasin zombie (Crypt:1)
  A water moccasin skeleton (Crypt:1)
  25 killer bees
  A warg skeleton (Crypt:1)
  2 vampire bats (Lair:3)
  A shapeshifter skeleton (Crypt:1)
  A troll skeleton (Crypt:2)
  2 electric eels
  4 howler monkeys
  8 lava snakes
  20 orc priests
  2 gnoll boudas (D:6)
  2 jellies
  A hound (D:4)
  An iron imp (Abyss:2)
  4 iguanas
  29 orc wizards
  A hell rat (Crypt:2)
  An acid dragon skeleton (Crypt:3)
  A naga skeleton (Crypt:2)
  12 mummies (Tomb:1)
  17 adders
  5 gnolls (D:9)
  A shadow imp (D:6)
  A white imp (Abyss:2)
  An iguana skeleton (Crypt:2)
  3 worms
  3 dart slugs
  60 orcs
  10 bats
  6 endoplasms
  8 giant cockroaches
  11 goblins
  5 hobgoblins
  5 jackals (D:1)
  14 kobolds
  2 quokkas
  3 training dummies (Elf:2)
  9 ball pythons
  A ball python skeleton (Crypt:2)
  4 frilled lizards
  5 rats
  5 tentacles (Shoals:2)
1769 creatures vanquished.

Vanquished Creatures (others)
  A deep elf elementalist (Elf:3)
  A merfolk aquamancer (Shoals:2)
  A deep elf knight (Elf:2)
  A centaur simulacrum (D:15)
  A harpy skeleton (Crypt:2)
  A hell hound (D:14)
  An orc wizard (Orc:2)
  2 demonic plants (Abyss:2)
  15 fungi
  239 plants
  26 tentacles (Shoals:2)
289 creatures vanquished.

Grand Total: 2058 creatures vanquished

Notes
Turn   | Place    | Note
-------+----------+-------------------------------------------
     0 | D:1      | DildoBatman the Formicid Conjurer began the quest for the
                  | Orb.
     0 | D:1      | Reached XP level 1. HP: 13/13 MP: 3/3
   195 | D:1      | Reached XP level 2. HP: 20/20 MP: 0/5
   202 | D:1      | Learned a level 2 spell: Searing Ray
   512 | D:1      | Reached skill level 1 in Fighting
   696 | D:1      | Reached skill level 1 in Armour
   697 | D:1      | Reached XP level 3. HP: 26/26 MP: 3/6
   860 | D:2      | Learned a level 2 spell: Sublimation of Blood
  1180 | D:2      | Found a faded altar of an unknown god.
  1189 | D:2      | Reached XP level 4. HP: 32/32 MP: 4/8
  1288 | D:2      | Found a shadowy altar of Dithmenos.
  1389 | D:2      | Noticed Sigmund
  2912 | D:4      | Reached XP level 5. HP: 37/38 MP: 1/9
  3246 | D:4      | Reached XP level 6. HP: 25/46 MP: 1/11
  3495 | D:4      | Found a staircase to the Ecumenical Temple.
  3496 | D:4      | Noticed an ogre
  3660 | Temple   | Entered the Ecumenical Temple
  3725 | Temple   | Became a worshipper of Kikubaaqudgha
  4308 | D:2      | Killed Sigmund
  4309 | D:2      | Reached skill level 5 in Conjurations
  4309 | D:2      | Reached XP level 7. HP: 49/52 MP: 4/13
  4499 | D:5      | Entered Level 5 of the Dungeon
  4658 | D:5      | Reached skill level 5 in Spellcasting
  4775 | D:5      | Reached XP level 8. HP: 58/58 MP: 10/15
  5318 | D:5      | Reached * piety under Kikubaaqudgha
  5318 | D:5      | Received a gift from Kikubaaqudgha
  5324 | D:5      | Learned a level 3 spell: Vampiric Draining
  5396 | D:5      | Gained mutation: You occasionally lose the ability to drink
                  | potions when taking damage. [potion of mutation]
  5396 | D:5      | Gained mutation: Your mind is acute. (Int +4, Str/Dex -1)
                  | [potion of mutation]
  5871 | D:6      | Reached XP level 9. HP: 65/65 MP: 15/19
  6066 | D:6      | Reached skill level 5 in Fighting
  6066 | D:6      | Reached skill level 5 in Armour
  6317 | D:6      | Noticed Blork the orc
  6622 | D:7      | Reached skill level 1 in Necromancy
  7277 | D:7      | Reached skill level 5 in Necromancy
  7317 | D:7      | Reached ** piety under Kikubaaqudgha
  7494 | D:7      | Reached XP level 10. HP: 74/74 MP: 12/20
  8085 | D:8      | Got the Tome of Transposition
  9260 | D:9      | Noticed Pikel
  9273 | D:9      | Killed Pikel
  9466 | D:9      | Reached XP level 11. HP: 65/81 MP: 6/21
  9495 | D:9      | Noticed Maggie
  9518 | D:9      | Killed Maggie
  9914 | D:6      | Killed Blork the orc
  9923 | D:6      | You fall into a shaft and drop 3 floors!
  9945 | D:10     | Entered Level 10 of the Dungeon
  9972 | D:10     | Reached *** piety under Kikubaaqudgha
  9972 | D:10     | Received a gift from Kikubaaqudgha
  9976 | D:10     | Reached skill level 1 in Shields
  9981 | D:10     | Learned a level 4 spell: Dispel Undead
  9987 | D:10     | Learned a level 5 spell: Borgnjor's Vile Clutch
 10065 | D:10     | Noticed a two-headed ogre
 10175 | D:10     | Noticed Sonja
 10271 | D:10     | Killed a two-headed ogre
 10385 | D:10     | Found an iron altar of Okawaru.
 10396 | D:10     | Identified the +2 dire flail "Moutir" {venom, Fragile rPois
                  | Dex+10 Stlth-}
 10458 | D:10     | Found a staircase to the Lair.
 10657 | D:10     | Reached skill level 5 in Earth Magic
 10657 | D:10     | Killed Sonja
 10878 | D:11     | Noticed a two-headed ogre
 10886 | D:11     | Killed a two-headed ogre
 11059 | D:11     | Noticed Maurice
 11059 | D:11     | Noticed an eight-headed hydra
 11090 | D:11     | Killed an eight-headed hydra
 11091 | D:11     | Killed Maurice
 11248 | D:11     | Found a staircase to the Orcish Mines.
 11409 | Orc:1    | Entered Level 1 of the Orcish Mines
 11516 | Orc:1    | Reached XP level 12. HP: 89/89 MP: 17/22
 11841 | Orc:1    | Found a burning altar of Makhleb.
 12063 | Orc:1    | Found a shimmering blue altar of Sif Muna.
 12096 | Orc:1    | Got Sif Muna's Catalogue of the Union
 12141 | Orc:2    | Entered Level 2 of the Orcish Mines
 12172 | Orc:2    | Found a staircase to the Elven Halls.
 12202 | Orc:2    | Reached **** piety under Kikubaaqudgha
 12337 | Orc:2    | Reached skill level 10 in Earth Magic
 12352 | Orc:2    | Found a dark tunnel.
 12362 | Volcano  | Entered a volcano
 12411 | Volcano  | Reached skill level 10 in Necromancy
 13200 | Orc:2    | Noticed an orc high priest
 13205 | Orc:2    | Noticed a sixfirhy
 13207 | Orc:2    | Killed an orc high priest
 13277 | Orc:2    | Noticed an orc high priest
 13280 | Orc:2    | Noticed an orc high priest
 13282 | Orc:2    | Killed an orc high priest
 13286 | Orc:2    | Killed an orc high priest
 13306 | Orc:2    | Reached ***** piety under Kikubaaqudgha
 13307 | Orc:2    | Reached XP level 13. HP: 66/95 MP: 14/23
 13374 | Orc:2    | Found Gagrerano's Antique Armour Shop.
 13374 | Orc:2    | Found Beel's Armour Shoppe.
 13376 | Orc:2    | Found Bugiqu Rumni's Antique Armour Shop.
 13376 | Orc:2    | Found Amupnybo's Weapon Shoppe.
 13576 | D:12     | Reached skill level 5 in Dodging
 13690 | D:12     | Noticed a boulder beetle
 13707 | D:12     | Killed a boulder beetle
 13742 | D:12     | Reached skill level 5 in Shields
 14741 | D:13     | Noticed a boulder beetle
 14743 | D:13     | Noticed Snorg
 14765 | D:13     | Killed Snorg
 14775 | D:13     | Killed a boulder beetle
 14799 | D:13     | Found a blossoming altar of Fedhas.
 15215 | D:14     | Noticed a boulder beetle
 15225 | D:14     | Noticed a centaur warrior
 15236 | D:14     | Noticed an ironbound preserver
 15236 | D:14     | Noticed a centaur warrior
 15236 | D:14     | Noticed a boulder beetle
 15239 | D:14     | Killed a centaur warrior
 15246 | D:14     | You fall into a shaft and drop 1 floor!
 15246 | D:15     | Entered Level 15 of the Dungeon
 15342 | Abyss:2  | Cast into level 2 of the Abyss (a wizard)
 15346 | Abyss:2  | Found a stormy altar of Qazlal.
 15358 | Abyss:2  | Noticed a starcursed mass
 15371 | Abyss:2  | Found a large runed translucent door.
 15376 | Abyss:2  | Found a large runed translucent door.
 15525 | D:15     | Escaped the Abyss
 15536 | D:15     | Noticed a five-headed hydra
 15539 | D:15     | Reached XP level 14. HP: 106/106 MP: 16/24
 15540 | D:15     | Noticed a bunyip
 15540 | D:15     | an alligator changed into a bunyip
 15543 | D:15     | Noticed a quicksilver ooze
 15543 | D:15     | a bunyip changed into a quicksilver ooze
 15560 | D:15     | Killed a quicksilver ooze
 15813 | D:14     | Noticed Louise
 15817 | D:14     | Noticed Azrael
 15839 | D:14     | Killed Louise
 15842 | D:14     | Killed Azrael
 15857 | D:14     | Reached skill level 10 in Armour
 15954 | D:14     | Killed an ironbound preserver
 15963 | D:14     | Found a gate to the Vaults.
 16000 | D:14     | Reached skill level 10 in Shields
 16205 | D:14     | Identified the +1 pair of boots of Quebro {MP+9}
 16421 | D:14     | Noticed Kirke
 16450 | D:14     | Killed Kirke
 16873 | D:15     | Found a staircase to the Depths.
 16949 | D:15     | Found Emeshret's Antique Armour Shoppe.
 17114 | D:15     | Reached XP level 15. HP: 108/114 MP: 15/25
 17457 | Lair:1   | Entered Level 1 of the Lair of Beasts
 17561 | Lair:1   | Learned a level 6 spell: Iron Shot
 17855 | Lair:1   | Reached ****** piety under Kikubaaqudgha
 17857 | Lair:1   | Received a gift from Kikubaaqudgha
 17858 | Lair:1   | Fell from the grace of Kikubaaqudgha
 18110 | Temple   | Became a worshipper of Gozag Ym Sagoz the Greedy
 18382 | D:15     | Bought a diamond-encrusted troll leather armour for 780
                  | gold pieces
 18382 | D:15     | Identified the +1 troll leather armour "Kakkyjipp" {Regen+
                  | Str+4} (You bought it in a shop on level 15 of the Dungeon)
 18498 | Lair:1   | Reached skill level 15 in Shields
 18716 | Lair:1   | Noticed Urug
 18725 | Lair:1   | Killed Urug
 18908 | Lair:1   | Lost mutation: Your mind is acute. (Int +4, Str/Dex -1)
                  | [potion of mutation]
 18908 | Lair:1   | Lost mutation: You occasionally lose the ability to drink
                  | potions when taking damage. [potion of mutation]
 18908 | Lair:1   | Gained mutation: You expend magic power (3 MP) to
                  | strengthen your wands. [potion of mutation]
 19328 | Lair:2   | Found a staircase to the Shoals.
 19521 | Lair:2   | Noticed Gastronok
 19534 | Lair:2   | Killed Gastronok
 19627 | Lair:2   | Reached skill level 10 in Fighting
 19720 | Lair:2   | Found a hazy altar of Hepliaklqana.
 20570 | Lair:3   | Found a hole to the Spider Nest.
 21199 | Lair:4   | Found a staircase to the Slime Pits.
 21200 | Lair:4   | Found a viscous altar of Jiyva.
 21668 | Lair:5   | Entered Level 5 of the Lair of Beasts
 21804 | Lair:5   | Reached XP level 16. HP: 50/124 MP: 9/26
 22035 | Lair:5   | Found a large runed translucent door.
 22123 | Lair:5   | Found a large runed translucent door.
 23477 | Spider:1 | Entered Level 1 of the Spider Nest
 24993 | Spider:2 | Noticed Arachne
 25022 | Spider:2 | Killed Arachne
 25087 | Spider:2 | Reached XP level 17. HP: 110/126 MP: 24/29
 25140 | Spider:2 | Noticed Agnes
 25158 | Spider:2 | Killed Agnes
 27386 | Spider:4 | Entered Level 4 of the Spider Nest
 27476 | Spider:4 | Noticed Donald
 27494 | Spider:4 | Killed Donald
 27495 | Spider:4 | Reached skill level 10 in Spellcasting
 28146 | Spider:4 | Reached skill level 15 in Earth Magic
 28187 | Spider:4 | Reached XP level 18. HP: 137/140 MP: 32/32
 28588 | Spider:4 | Identified the +1 ring mail "Rolu" {Dex+8}
 28910 | Spider:4 | Was forgiven by Kikubaaqudgha
 28992 | Spider:4 | Got a gossamer rune of Zot
 29253 | Shoals:1 | Entered Level 1 of the Shoals
 29567 | Shoals:1 | Reached skill level 15 in Necromancy
 29908 | Shoals:1 | Identified Roxanne's Grimoire of Earth
 29908 | Shoals:1 | Noticed Roxanne
 29927 | Shoals:1 | Killed Roxanne
 30068 | Shoals:1 | Learned a level 6 spell: Statue Form
 30434 | Shoals:2 | Reached skill level 1 in Transmutations
 30509 | Shoals:2 | Noticed a kraken
 30583 | Shoals:2 | Killed a kraken
 30699 | Shoals:2 | Identified the +6 quarterstaff "Labaasua" {drain, rPois rN+
                  | Will- Int+7}
 31076 | Shoals:2 | Reached XP level 19. HP: 143/146 MP: 31/35
 31105 | Shoals:2 | Identified 2 scrolls of acquirement
 31518 | Shoals:3 | Found Hoczopoh's Magic Scroll Shop.
 31535 | Shoals:3 | Bought a scroll of fear for 68 gold pieces
 31535 | Shoals:3 | Bought a scroll of enchant armour for 127 gold pieces
 31535 | Shoals:3 | Bought a scroll of immolation for 68 gold pieces
 31535 | Shoals:3 | Bought a scroll of butterflies for 68 gold pieces
 31535 | Shoals:3 | Bought a scroll of immolation for 68 gold pieces
 31685 | Shoals:3 | Found Uloni's CLEARANCE SALE!.
 31699 | Shoals:3 | Bought a wand of light (5) for 147 gold pieces
 31705 | Shoals:3 | Found Icwi Pess's Weapon Shoppe.
 31909 | Shoals:3 | Found Plog's Antique Weapon Shoppe.
 32477 | Shoals:4 | Entered Level 4 of the Shoals
 32489 | Shoals:4 | Reached skill level 5 in Transmutations
 32923 | Shoals:4 | Identified the +9 arbalest of Intuition {flame, Will++
                  | Dex-5}
 32931 | Shoals:4 | Found Hesealan's Self-Improvement Boutique.
 33039 | Shoals:4 | Found the +4 skin of Zhor {*Englaciate rC+++ SInv}
 33220 | Shoals:4 | Got a barnacled rune of Zot
 33875 | Shoals:4 | Bought a manual of Fighting for 960 gold pieces
 33875 | Shoals:4 | Bought a manual of Shields for 960 gold pieces
 34291 | Vaults:1 | Entered Level 1 of the Vaults
 34927 | Vaults:1 | Noticed Saint Roka
 34947 | Vaults:1 | Killed Saint Roka
 35149 | Vaults:1 | Reached XP level 20. HP: 115/153 MP: 36/36
 35444 | Vaults:1 | Found Tosorado's Assorted Antiques.
 35461 | Vaults:1 | Bought a potion of brilliance for 88 gold pieces
 35461 | Vaults:1 | Bought 2 potions of magic for 352 gold pieces
 36340 | Vaults:2 | Found Socoam's Distillery.
 36382 | Vaults:2 | Bought a potion of invisibility for 184 gold pieces
 36382 | Vaults:2 | Bought a potion of curing for 69 gold pieces
 36382 | Vaults:2 | Bought a potion of curing for 69 gold pieces
 36382 | Vaults:2 | Bought a potion of heal wounds for 115 gold pieces
 36382 | Vaults:2 | Bought a potion of magic for 184 gold pieces
 36461 | Vaults:2 | Found Erhu's Antique Weapon Boutique.
 36654 | Vaults:2 | Found Tegofyt's Antique Weapon Emporium.
 36727 | Vaults:2 | Found Sefooqos's Jewellery Emporium.
 36984 | Vaults:2 | Found Xarre's Assorted Antiques.
 37003 | Vaults:2 | Bought a scroll of immolation for 116 gold pieces
 37003 | Vaults:2 | Bought a scroll of torment for 275 gold pieces
 37381 | Vaults:3 | You fall into a shaft and drop 1 floor!
 37483 | Vaults:4 | Found Kealys's Assorted Antiques.
 37510 | Vaults:4 | Reached skill level 10 in Transmutations
 37727 | Vaults:4 | Bought a scroll of enchant armour for 322 gold pieces
 37864 | Vaults:4 | Found a gateway to a bazaar.
 37868 | Vaults:4 | Found Qorisetoq's Armour Shoppe.
 37886 | Vaults:4 | Noticed Bai Suzhen
 38038 | Vaults:3 | Reached XP level 21. HP: 159/159 MP: 37/37
 38327 | Vaults:3 | Found a staircase to the Crypt.
 38638 | Vaults:3 | Got the Meditations on the Union
 39940 | Vaults:4 | Killed Bai Suzhen
 40141 | Vaults:4 | Identified the +8 plate armour of Miracles {-Cast rN++
                  | Will+ Regen+}
 40173 | Vaults:4 | Noticed SpeedRobin's ghost (adept DDFi)
 40174 | Vaults:4 | Found a transporter.
 40252 | Vaults:4 | Identified the +16 plate armour of Acoad {rCorr Int+3}
 40298 | Vaults:4 | Found Yzicwau's Antique Armour Boutique.
 40444 | Vaults:4 | Found a transporter.
 40452 | Vaults:4 | Killed SpeedRobin's ghost
 40460 | Vaults:4 | Reached XP level 22. HP: 30/165 MP: 22/38
 40719 | Bazaar   | Entered a bazaar
 40719 | Bazaar   | Found Xyruam's Armour Boutique.
 40719 | Bazaar   | Found Axkihuts's Antique Weapon Shop.
 40719 | Bazaar   | Found Aqevoakh's Antique Armour Shop.
 40967 | Elf:1    | Entered Level 1 of the Elven Halls
 41069 | Elf:1    | Learned a level 8 spell: Necromutation
 41072 | Elf:1    | Learned a level 2 spell: Passwall
 41207 | Elf:1    | Found a large runed translucent door.
 41207 | Elf:1    | Found a large runed translucent door.
 41209 | Elf:1    | Noticed Zippel's ghost (journeyman BaWn)
 41215 | Elf:1    | Killed Zippel's ghost
 41728 | Elf:1    | Got the Atlas of Supportive Outbursts
 41770 | Elf:1    | Found Jaxketul's Antique Weapon Shoppe.
 42364 | Elf:2    | Identified the +4 hand axe of Armageddon {elec, rN+ Dex+5}
 42491 | Elf:2    | Found Lefuleim's Firing Range.
 42519 | Elf:2    | Bought a manual of Throwing for 1280 gold pieces
 42527 | Elf:2    | Found a runed translucent gate.
 42527 | Elf:2    | Found a runed translucent gate.
 42528 | Elf:2    | Found a runed translucent gate.
 43131 | Elf:3    | Entered Level 3 of the Elven Halls
 43181 | Elf:3    | Lost mutation: You expend magic power (3 MP) to strengthen
                  | your wands. [potion of mutation]
 43181 | Elf:3    | Gained mutation: Armour fits poorly on your strangely
                  | shaped body. [potion of mutation]
 43181 | Elf:3    | Gained mutation: You expend magic power (3 MP) to
                  | strengthen your wands. [potion of mutation]
 43182 | Elf:3    | Lost mutation: You expend magic power (3 MP) to strengthen
                  | your wands. [potion of mutation]
 43182 | Elf:3    | Lost mutation: Armour fits poorly on your strangely shaped
                  | body. [potion of mutation]
 43182 | Elf:3    | Gained mutation: You are partially covered in iridescent
                  | scales. (AC +2) [potion of mutation]
 43182 | Elf:3    | Gained mutation: You are dopey. (Int -2) [potion of
                  | mutation]
 43182 | Elf:3    | Gained mutation: You are agile. (Dex +4, Str/Int -1)
                  | [potion of mutation]
 43203 | Elf:3    | Found Ybeoff's General Store.
 43209 | Elf:3    | Bought a potion of cancellation for 104 gold pieces
 43728 | Elf:3    | Identified the +5 ring mail of Widgheley {rPois rF- Will+++
                  | Dex-2}
 43747 | Elf:3    | Reached XP level 23. HP: 144/170 MP: 21/39
 43830 | Elf:3    | Identified the +1 robe of True Grit {Harm}
 44197 | Elf:3    | HP: 3/169 [deep elf sorcerer/bolt of acid (35)]
 44333 | Elf:3    | Identified the +5 dire flail "Ytotun" {flame, Contam *Slow
                  | rN+ Dex+8}
 44445 | Elf:3    | Identified the +2 long sword "Grim" {speed, rPois rC+}
 44489 | Elf:3    | Identified the +6 arbalest of Bettarph {vorpal, Dex+4}
 44526 | Elf:3    | Found the +2 hat of the Bear Spirit {Spirit, *Rage Will++}
 45052 | Crypt:1  | Entered Level 1 of the Crypt
 45283 | Crypt:1  | Noticed a royal mummy
 45305 | Crypt:1  | Killed a royal mummy
 45330 | Crypt:1  | Noticed a royal mummy
 45994 | Crypt:1  | Noticed a royal mummy
 45997 | Crypt:1  | Killed a royal mummy
 46010 | Crypt:1  | Killed a royal mummy
 46027 | Crypt:1  | Found the +7 sceptre of Torment {pain, torment}
 46444 | Crypt:2  | Found a runed translucent gate.
 46444 | Crypt:2  | Found a runed translucent gate.
 46444 | Crypt:2  | Found a runed translucent gate.
 46600 | Crypt:2  | Reached skill level 15 in Transmutations
 47055 | Crypt:3  | Entered Level 3 of the Crypt
 47115 | Crypt:3  | Reached XP level 24. HP: 179/182 MP: 26/39
 47118 | Crypt:3  | Noticed a dread lich
 47124 | Crypt:3  | Killed a dread lich
 47154 | Crypt:3  | Found a staircase to the Tomb.
 48956 | Crypt:3  | Identified the ring of Due Proportion {rF++ rN+}
 48956 | Crypt:3  | Identified the ring "Ecotisch" {+Blink rElec rF++ rN+
                  | Dex-3}
 49100 | Crypt:3  | Noticed Jory
 49121 | Crypt:3  | Killed Jory
 49622 | Crypt:3  | Identified the +11 halberd "Jeaz Iza" {elec, *Rage rElec
                  | Int+2 Dex+5}
 49876 | Crypt:2  | Identified the +6 scale mail of the Skies Above {Str+4
                  | Dex+4 SInv}
 49962 | Tomb:1   | Entered Level 1 of the Tomb of the Ancients
 50156 | Tomb:1   | Identified the +3 plate armour "Xan Xerch" {Rampage Int-3
                  | Dex+4}
 50409 | Tomb:1   | Noticed a royal mummy
 50422 | Tomb:1   | Killed a royal mummy
 50454 | Tomb:1   | Identified the +6 plate armour of Unambiguity {rElec}
 50529 | Tomb:1   | Noticed a royal mummy
 50540 | Tomb:1   | Killed a royal mummy
 50541 | Tomb:1   | Reached XP level 25. HP: 180/188 MP: 7/39
 51025 | Vaults:5 | Entered Level 5 of the Vaults
 51148 | Vaults:5 | Noticed a dread lich
 51363 | Vaults:4 | Killed a dread lich
 51575 | Vaults:5 | Noticed a dread lich
 51589 | Vaults:5 | HP: 9/188 [titan (15)]
 51590 | Vaults:5 | HP: 2/188 [Hell Sentinel[a dread lich] (4)]
 51590 | Vaults:5 | Slain by a Hell Sentinel

Illustrated notes

Levels and vault maps discovered:
D:1:      spicycebolla_arrival_xxxplode, layout_basic
D:2:      layout_loops_corners, chequers_ecumenical_altar_island, basic_altar,
          roderic_lattice_a, lightli_corner_chamber, uniq_sigmund
D:3:      layout_basic, nicolae_kite_square_tiling_tiny,
          chequers_serial_rivers_room_a, minmay_liquid_box,
          guppyfry_early_orc_mine
D:4:      layout_gridville, minmay_temple_entry_hall, kennysheep_generic_room_11
D:5:      layout_gridville, serial_bayou_pond_e, minmay_starry_boxes
D:6:      kb_forest_paths, layout_basic, uniq_blork_the_orc
D:7:      layout_cave_pods, minmay_diced_spiral
D:8:      layout_basic
D:9:      layout_loops_ring, uniq_pikel, uniq_maggie
D:10:     layout_loops_ring, okawaru_trees_1, lair_entry_dummy, uniq_sonja
D:11:     layout_roguey, orc_0_dummy, uniq_maurice
D:12:     layout_loops_ring
D:13:     layout_irregular_city, dk_noncrumbling_3, fedhas_altar_4, uniq_snorg
D:14:     layout_basic, skrybe_vaults_entry_preservation,
          hangedman_decor_clover_reticule, uniq_louise, uniq_kirke, uniq_azrael
D:15:     hangedman_depths_entry_try_elsewhere_first, layout_irregular_city,
          minmay_misc_feat_roman, serial_shops, nicolae_shop_stone
Temple:   grunt_wide_crystal_templ
Lair:1:   layout_gridlike, serial_bayou_shore_a, uniq_urug
Lair:2:   layout_roguey, elwin_shoals_entry_stream, basic_altar,
          chequers_serial_rivers_small_a, nicolae_lair_run_with_the_wolves,
          uniq_gastronok
Lair:3:   dpeg_oklob_gauntlet, layout_cave_shapes, spider_nest_entry_rubble,
          roderic_batcave
Lair:4:   minmay_lair_venomous_thicket, layout_regular_city, slime_entry_1
Lair:5:   cheibrodos_lair_end_hotspot, layout_layer_cave, minivault_27
Shoals:1: layout_shoals, nicolae_shoals_aquamancer_cove, uniq_roxanne
Shoals:2: layout_shoals
Shoals:3: layout_shoals, serial_shops, nicolae_stop_n_shop_2,
          nicolae_shop_bloodbath_and_beyond, shop, nicolae_shop_clearance
Shoals:4: shoals_end_grunt_garden, layout_shoals,
          nicolae_shoals_stone_sculpture_thing, nicolae_shop_self_help
Spider:1: layout_chambers, nicolae_spider_nooks_and_crannies
Spider:2: layout_chambers, nicolae_looking_at_the_future,
          hangedman_spider_tarantella_strand, uniq_arachne, uniq_agnes
Spider:3: layout_chambers
Spider:4: grunt_spider_rune_circles, worms_lemuel, uniq_donald
Orc:1:    layout_caves, hangedman_feature_mirror, statue_in_the_mist_lemuel,
          led_sif_book
Orc:2:    grunt_orc_tribal_feast, layout_diamond_mine,
          nicolae_volcano_entry_batcave
Elf:1:    minmay_elf_arrival_summoners, layout_geoelf_grid,
          ebering_ghost_disaster_area, serial_shops, shop,
          hangedman_elf_represent, minmay_elf_sorcery
Elf:2:    nicolae_elf_blades_splatter_lattice [nicolae_blade_lattice],
          layout_onion_city, nicolae_shop_firing_range
Elf:3:    nooodl_elf_gasket, layout_geoelf_grid, serial_shops,
          nicolae_shop_stone
Vaults:1: nicolae_vaults_ninety_degrees, vaults_mumra_chevron,
          ontoclasm_vaults_spin, grunt_vaults_swirl, nicolae_vaults_alarming,
          layout_vaults_omnigrid, serial_shops, shop, uniq_saint_roka
Vaults:2: v_misc_8, v_rooms_4, vaults_dpeg_diagonal, v_alt_pattern_1, v_misc_33,
          v_misc_22, vaults_room_stairs_pillars, v_misc_27,
          nicolae_vaults_little_squares_3, nicolae_vaults_little_squares_4,
          layout_vaults_omnicross, serial_shops, nicolae_shop_hallway_stairs,
          shop, shop_coins, shop, shop
Vaults:3: nicolae_vaults_mini_display_case, nicolae_vaults_circle_grid_a,
          grunt_vaults_funnel, minmay_crypt_entry_skeletal_spiral,
          vaults_dpeg_spiral, vaults_room_ringed_pool,
          hangedman_vaults_stretched_pinwheel, v_alt_pattern_5,
          vaults_dpeg_cross, ontoclasm_vaults_chip,
          nicolae_vaults_little_squares_2,
          nicolae_vaults_windows_and_doors_thing, vaults_room_fours,
          layout_vaults_chaotic_city, serial_hangedman_research,
          hangedman_research_convocations
Vaults:4: gammafunk_ghost_smash, hangedman_vaults_stitches,
          nicolae_vaults_meeting, hangedman_vaults_slither,
          vaults_room_door_ring, ontoclasm_vaults_idyll,
          layout_vaults_maze_snakey, serial_shops, bzr_in_the_mist, shop,
          nicolae_shop_waterfront, nicolae_shop_hallway_stairs, uniq_bai_suzhen,
          uniq_margery
Vaults:5
Crypt:1:  minmay_guarded_unrand_sceptre_of_torment, layout_rooms,
          grunt_ministairs_13, grunt_crypt_arrival_webbed
Crypt:2:  layout_gridlike, pandoras_box_mu
Crypt:3:  due_elkab, layout_chaotic_city, st_stairs_4, uniq_jory
Tomb:1

Skill      XL: |  1  2  3  4  5  6  7  8  9 10 11 12 13 14 15 16 17 18 19 20 21 22 23 24 25 |
---------------+----------------------------------------------------------------------------+-----
Dodging        | 2 3 4 6 7 8 9 |  9.0
Fighting       | 1 2 3 4 5 6 8 9 10 12 13 | 13.1
Armour         | 1 2 3 4 6 7 9 10 11 13 | 13.0
Conjurations   | 4 5 6 |  6.0
Spellcasting   | 3 4 5 7 8 10 12 | 12.0
Necromancy     | 6 9 11 12 14 15 16 17 19 21 22 | 22.0
Shields        | 3 7 14 16 17 | 17.2
Earth Magic    | 9 12 13 15 16 18 19 21 22 | 22.0
Transmutations | 3 7 10 12 15 20 21 | 21.3
Stealth        | |  2.4

Action                   |  1- 3 |  4- 6 |  7- 9 | 10-12 | 13-15 | 16-18 | 19-21 | 22-24 | 25-27 || total
-------------------------+-------+-------+-------+-------+-------+-------+-------+-------+-------++-------
Melee: Short sword       |    20 |       |       |       |       |       |       |       |       ||    20
       Quarterstaff      |       |    46 |       |       |       |       |       |    55 |       ||   101
       Punch             |       |     1 |       |     1 |       |       |       |       |       ||     2
       Staff             |       |       |     1 |     3 |       |       |       |       |       ||     4
       Dire flail        |       |       |       |    72 |   471 |   600 |   437 |    96 |       ||  1676
       Glaive            |       |       |       |     2 |       |       |       |       |       ||     2
       Halberd           |       |       |       |       |       |       |       |    74 |    51 ||   125
 Fire: Sling             |       |    16 |       |       |       |       |       |       |       ||    16
       Shortbow          |       |       |    24 |     1 |       |       |       |       |       ||    25
       Arbalest          |       |       |       |       |       |       |       |   206 |       ||   206
 Cast: Magic Dart        |    23 |    47 |    19 |    27 |       |       |       |       |       ||   116
       Searing Ray       |     6 |    15 |    55 |    36 |     1 |       |       |       |       ||   113
       Sublimation of Bl |       |       |     6 |     5 |     8 |    10 |    12 |    23 |       ||    64
       Vampiric Draining |       |       |     4 |    71 |    52 |    22 |    20 |     4 |       ||   173
       Borgnjor's Vile C |       |       |       |    67 |   206 |   421 |   422 |   329 |    43 ||  1488
       Dispel Undead     |       |       |       |     5 |     9 |     1 |     4 |   193 |     3 ||   215
       Iron Shot         |       |       |       |       |       |     4 |    85 |    49 |       ||   138
       Necromutation     |       |       |       |       |       |       |       |    25 |    18 ||    43
Invok: Receive Forbidden |       |       |       |       |     1 |       |       |       |       ||     1
       Renounce Religion |       |       |       |       |     1 |       |       |       |       ||     1
       Potion Petition   |       |       |       |       |       |       |       |       |     4 ||     4
 Abil: Dig               |       |     1 |     1 |     2 |       |     4 |       |     1 |       ||     9
       Shaft Self        |       |       |       |     1 |     1 |       |       |       |       ||     2
       End Transformatio |       |       |       |       |       |       |       |     3 |       ||     3
  Use: Scroll            |       |       |     8 |     9 |     7 |    11 |     5 |       |     3 ||    43
       Potion            |       |       |     1 |       |     6 |     2 |     1 |     9 |       ||    19
 Stab: Sleeping          |       |     1 |       |       |       |       |       |     5 |       ||     6
       Distracted        |       |       |       |       |     2 |     4 |     6 |     4 |     1 ||    17
Armor: Robe              |     5 |     8 |    13 |       |       |       |       |       |       ||    26
       Steam dragon scal |       |       |     2 |    19 |       |       |       |       |       ||    21
       Troll leather arm |       |       |       |    50 |   248 |   273 |   176 |   167 |    84 ||   998
Dodge: Dodged            |    22 |    38 |    43 |   146 |   455 |   457 |   300 |   324 |   134 ||  1919
Block: Buckler           |       |       |       |    33 |    67 |       |       |       |       ||   100
       Tower shield      |       |       |       |       |   661 |  1148 |   850 |   660 |   209 ||  3528
